 Dungeon Crawl Stone Soup version 0.31.0-12-g77e489cdc1 (webtiles) character file.

Game seed: 3853219427765357893

117420 gohu the Earth Mage (level 16, 0/101 HPs)
             Began as a Gargoyle Earth Elementalist on Feb 26, 2024.
             Was a High Priest of Vehumet.
             Killed from afar by a thorn hunter (31 damage)
             ... with a volley of thorns
             ... on level 2 of the Snake Pit on Feb 27, 2024.
             The game lasted 02:00:39 (29698 turns).

gohu the Earth Mage (Gargoyle Earth Elementalist)  Turns: 29698, Time: 02:00:40

Health: 0/101      AC: 21    Str: 19    XL:     16   Next: 74%
Magic:  16/39      EV: 12    Int: 33    God:    Vehumet [*****.]
Gold:   236        SH: 13    Dex: 14    Spells: 8/36 levels left

rFire   . . .        V - staff of conjuration
rCold   + + .        E - +2 kite shield {rC+}
rNeg    + . .        g - +1 robe of Anaesthesia {Str+3 Dex+4 SInv Archmagi}
rPois   ∞            X - +1 hat
rElec   +            w - scarf {shadows}
rCorr   .            z - +1 pair of gloves
SInv    +            W - +1 pair of boots
Will    ++...        q - amulet "Suocru" {Acrobat Harm rC+}
Stlth   +++          J - ring of Tyihi {*Corrode Will+ Str+3 Int+10 Slay+3}
HPRegen 0.36/turn    T - ring "Juxeakiuh" {MP+9 Stlth+}
MPRegen 0.26/turn

%: corrode self (3%), harm (+30% outgoing, +20% incoming), acrobat, archmagi
@: flying
A: sickness immunity, AC +12, big wings, negative energy resistance 1,
electricity resistance, torment resistance 1, petrification resistance
a: Renounce Religion


You were on level 2 of the Snake Pit.
You worshipped Vehumet.
Vehumet was extremely pleased with you.
You visited 5 branches of the dungeon, and saw 25 of its levels.
You also visited: Ice Cave.

You collected 2539 gold pieces.
You spent 2303 gold pieces at shops.

Inventory:

Hand Weapons
 P - a +2 sling of electrocution
Missiles
 p - 5 throwing nets
Armour
 g - the +1 robe of Anaesthesia (worn) {Str+3 Dex+4 SInv Archmagi}
   (You found it on level 9 of the Dungeon)

   Str+3:     It affects your strength (+3).
   Dex+4:     It affects your dexterity (+4).
   SInv:      It lets you see invisible.
   Archmagi:  It increases the power of your magical spells.
 m - a +2 tower shield of cold resistance
 r - the +1 ring mail of a Billion Bounties {Int+5}
   (You found it on level 4 of the Dungeon)

   Int+5:     It affects your intelligence (+5).
 w - a scarf of shadows (worn)
 y - a +0 buckler
 z - a +1 pair of gloves (worn)
 E - a +2 kite shield of cold resistance (worn)
 W - a +1 pair of boots (worn)
 X - a +1 hat (worn)
Magical Staves
 V - a staff of conjuration (weapon)
Jewellery
 e - a ring of wizardry
 o - an amulet of regeneration
 q - the amulet "Suocru" (around neck) {Acrobat Harm rC+}
   (You bought it in a shop on level 2 of the Snake Pit)

   [amulet of the acrobat]

   Acrobat:   It increases your evasion while moving and waiting.
   rC+:       It protects you from cold.
   Harm:      It increases damage dealt and taken.
 u - a ring of protection from cold
 H - an amulet of magic regeneration
 J - the ring of Tyihi (left hand) {*Corrode Will+ Str+3 Int+10 Slay+3}
   (You bought it in a shop on level 14 of the Dungeon)

   [ring of willpower]

   Str+3:     It affects your strength (+3).
   Int+10:    It affects your intelligence (+10).
   Slay+3:    It affects your accuracy & damage with ranged weapons and melee
   (+3).
   Will+:     It increases your willpower.
   *Corrode:  It may corrode you when you take damage.
 L - a ring of fire
 S - a +5 ring of evasion
 T - the ring "Juxeakiuh" (right hand) {MP+9 Stlth+}
   (You bought it in a shop on level 2 of the Snake Pit)

   [ring of magical power]

   MP+9:      It affects your magic capacity (+9).
   Stlth+:    It makes you more stealthy.
 U - a ring of protection from fire
 Z - a +6 ring of dexterity
Wands
 s - a wand of paralysis (18)
 t - a wand of polymorph (2)
 I - a wand of iceblast (12) (quivered)
 O - a wand of acid (5)
 Y - a wand of mindburst (5)
Scrolls
 a - 2 scrolls of blinking
 c - a scroll of fog
 d - 2 scrolls of fear
 f - 5 scrolls of amnesia
 h - 2 scrolls of summoning
 i - 3 scrolls of enchant armour
 j - 7 scrolls of teleportation
 l - 5 scrolls of identify
 n - 5 scrolls of enchant weapon
 A - 2 scrolls of poison
 K - a scroll of revelation
 Q - a scroll of silence
Potions
 b - 4 potions of magic
 k - a potion of lignification
 v - 7 potions of enlightenment
 x - 3 potions of mutation
 B - 3 potions of brilliance
 C - 9 potions of curing
 D - a potion of ambrosia
 F - 2 potions of heal wounds
 G - 2 potions of might
 M - 2 potions of resistance
 N - 6 potions of haste
Miscellaneous
 R - a condenser vane


   Skills:
 + Level 12.3 Fighting
 - Level 2.7 Ranged Weapons
 - Level 7.9 Armour
 - Level 4.3 Dodging
 - Level 2.1 Stealth
 * Level 10.3 Shields
 + Level 10.5 Spellcasting
 - Level 16.0 Conjurations
 + Level 18.8 Earth Magic
 + Level 3.8 Evocations


You had 8 spell levels left.
You knew the following spells:

 Your Spells              Type           Power      Damage    Failure   Level
a - Bombard               Conj/Erth      69%        9d11      1%          6
b - Stone Arrow           Conj/Erth      100%       3d13      0%          3
c - Iskenderun's Battles  Conj           100%       2d15      1%          5
d - Orb of Destruction    Conj           67%        9d16      1%          7
e - Brom's Barrelling Bo  Conj/Erth      100%       2d11      1%          4
f - Passwall              Erth           100%       N/A       0%          3

Your spell library contained the following spells:

 Spells                   Type           Power      Damage    Failure   Level
 Eringya's Noxious Bog    Alch           13%        4d6       86%         6
 Sandblast                Erth           100%       2d20      0%          1
 Foxfire                  Conj/Fire      100%       2x1d9     1%          1
 Kiss of Death            Conj/Necr      100%       2d13      1%          1
 Shock                    Conj/Air       100%       1d9       1%          1
 Momentum Strike          Conj/Tloc      100%       3d10      1%          2
 Static Discharge         Conj/Air       100%       3-8/arc   1%          2
 Mephitic Cloud           Conj/Alch/Air  87%        N/A       1%          3
 Petrify                  Alch/Erth      87%        N/A       1%          4
 Fireball                 Conj/Fire      51%        3d20      1%          5
 Mercury Vapours          Alch/Air       52%        N/A       2%          2
 Freezing Cloud           Conj/Ice/Air   43%        6-21      4%          5
 Slow                     Hex            100%       N/A       5%          1
 Blink                    Tloc           52%        N/A       8%          2
 Ensorcelled Hibernation  Hex/Ice        52%        N/A       8%          2
 Jinxbite                 Hex            52%        N/A       8%          2
 Lesser Beckoning         Tloc           52%        N/A       8%          2
 Conjure Ball Lightning   Conj/Air       51%        3x3d18    9%          6
 Starburst                Conj/Fire      51%        6d14      9%          6
 Airstrike                Air            13%        2d(2-18)  13%         4
 Olgreb's Toxic Radiance  Alch           26%        N/A       13%         4
 Confusing Touch          Hex            26%        N/A       16%         3
 Fugue of the Fallen      Necr           26%        N/A       16%         3
 Sigil of Binding         Hex            26%        N/A       16%         3
 Swiftness                Air            26%        N/A       16%         3
 Vampiric Draining        Necr           26%        2d7       16%         3
 Yara's Violent Unravell  Hex/Alch       13%        3d7       34%         5
 Anguish                  Hex/Necr       13%        N/A       45%         4
 Dispel Undead            Necr           26%        3d13      45%         4
 Summon Lightning Spire   Summ/Air       26%        N/A       45%         4
 Plasma Beam              Fire/Air       13%        2x1d24    86%         6
 Enfeeble                 Hex            13%        N/A       100%        7
 Ozocubu's Refrigeration  Ice            13%        4d10      100%        7
 Discord                  Hex            13%        N/A       100%        8


Dungeon Overview and Level Annotations

Branches:
Dungeon (15/15)            Temple (1/1) D:5            Lair (5/5) D:8
 Shoals (0/4) Lair:2        Snake (2/4) Lair:2        Slime (0/5) Lair:4
    Orc (2/2) D:12            Elf (0/3) Orc:2        Vaults (0/5) D:13
 Depths (0/4) D:15          IceCv (visited)

Altars:
Ashenzari
Cheibriados
Dithmenos
Elyvilon
Fedhas
Gozag
Hepliaklqana
Kikubaaqudgha
Makhleb
Nemelex Xobeh
Okawaru
Qazlal
Ru
Sif Muna
Trog
Uskayaw
Vehumet
Wu Jian
Xom
Yredelemnul
Zin
The Shining One
Jiyva
Lugonu

Shops:
D:14 =   Orc:2 ((![*   Snake:2 ==:(

Portals:
Abyss: Lair:5
Trove: D:14 (give horn of Geryon)

Annotations:
D:4 2 runed translucent doors
D:14 1 runed translucent door
Lair:4 1 runed translucent door


Innate Abilities, Weirdness & Mutations

You are immune to sickness and miasma.
Your stone body is resilient. (AC +12)
You are immune to poison.
Your large and strong wings let you fly.
You resist negative energy. (rN+)
You are resistant to electric shocks. (rElec)
You are resistant to unholy torment.
You are immune to petrification.


Message History

Aim: a five-headed hydra (heavily wounded, 92% to hit)
You feel a strong surge of power!
The stone arrow misses the five-headed hydra.
You block the five-headed hydra's attack. x3
The five-headed hydra bites you but does no damage.
The five-headed hydra bites you.
The thorn hunter hits the briar patch!
The briar patch is destroyed!
Casting: Stone Arrow (safe; 0% risk of failure)
Confirm with . or Enter, or press ? or * to list all spells.
Aiming: Stone Arrow (safe; 0% risk of failure)
Press: ? - help, Shift-Dir - straight line, f/p - five-headed hydra
Aim: a five-headed hydra (heavily wounded, 92% to hit)
You feel a strong surge of power!
The stone arrow hits the five-headed hydra!!
You kill the five-headed hydra!
Vehumet accepts your kill.
You feel your power returning.
Casting: Stone Arrow (safe; 0% risk of failure)
Confirm with . or Enter, or press ? or * to list all spells.
Aiming: Stone Arrow (safe; 0% risk of failure)
Press: ? - help, Shift-Dir - straight line, f - thorn hunter
Aim: a thorn hunter (81% to hit)
You feel a strong surge of power!
The stone arrow hits the thorn hunter!!
The thorn hunter is moderately damaged.
The briar patch crumbles away. x2
The thorn hunter fires a volley of thorns at you.
The volley of thorns hits you!!
The thorn hunter fires a volley of thorns at you.
The volley of thorns hits you!
Casting: Stone Arrow (safe; 0% risk of failure)
Confirm with . or Enter, or press ? or * to list all spells.
Aiming: Bombard (mildly dangerous; 1% risk of failure)
Press: ? - help, Shift-Dir - straight line, f/p - thorn hunter
Aim: a thorn hunter (moderately damaged, 84% to hit)
You feel a strong surge of power!
The iron shot hits the thorn hunter!!
The thorn hunter is severely damaged.
The briar patch crumbles away. x2
The thorn hunter fires a volley of thorns at you.
The volley of thorns hits you!!
You die...

≈.~.~≈≈≈≈ #≈ ≈≈.~#≈≈≈≈ ≈#
≈ ### ≈~..~≈≈≈#≈ ≈. #..
##~≈≈≈≈≈P###≈≈~ #..
#~≈.≈~##P≈≈≈≈#≈ ##.
#≈..≈≈≈≈≈≈≈≈≈≈≈ #.
#≈≈≈≈≈≈#################.
##.PP..f.....PP......†...
#.PPPPP@....P.......###+
##...........######..##..
.......................'..
###......####..P.....#####
######.# ########.#♣♣♣♣
######.###########.#♣...
.......)..†........#♣.=∩
............########♣...
....#######.# #...∩.⌠.


You could see a thorn hunter.

Vanquished Creatures
  Rupert (Orc:2)
  Kirke (D:14)
  An azure jelly (IceCv)
  A quicksilver ooze (IceCv)
  Nessos (Orc:2)
  Azrael (D:13)
  A yaktaur captain (D:15)
  A vault guard (D:14)
  An ogre mage (D:13)
  8 hydras
  An alligator (Snake:2)
  3 anacondas
  2 centaur warriors (D:13)
  11 boulder beetles
  A death knight (D:15)
  6 two-headed ogres
  Erica (D:11)
  5 death yaks
  A deep troll earth mage (D:15)
  2 naga warriors (Snake:1)
  3 naga sharpshooters
  A shock serpent (Snake:1)
  3 thrashing horrors (Lair:5)
  2 orc high priests (Orc:2)
  2 skysharks (Lair:3)
  Lodul (D:11)
  4 mana vipers
  A lindwurm (Lair:4)
  A harpy (shapeshifter) (Lair:5)
  Pikel (D:5)
  An orc knight (Orc:1)
  4 manticores
  A deep elf pyromancer (D:14)
  9 ugly things
  4 orc sorcerers (Orc:2)
  6 oklob plants (Lair:5)
  A large abomination (Lair:5)
  26 elephants
  6 cyclopes
  2 salamanders
  A kobold blastminer (Orc:2)
  14 black mambas
  A smoke demon (Lair:5)
  5 naga magi
  A torpor snail (Lair:2)
  A gargoyle (D:12)
  9 cane toads
  2 ice statues (IceCv)
  A cane toad (shapeshifter) (Lair:5)
  An efreet (D:12)
  2 kobold demonologists
  2 rime drakes (Lair:4)
  3 tengu conjurers
  13 komodo dragons
  5 trolls
  2 ice devils (D:12)
  2 polar bears
  A queen bee (D:8)
  A wind drake (Lair:2)
  3 hornets
  6 dream sheep
  A raiju (Lair:5)
  14 blink frogs (Lair:5)
  24 slime creatures
  A shadow (D:10)
  A spriggan (Lair:5)
  5 wyverns
  2 vampires
  2 fire elementals (D:13)
  2 wraiths
  A ynoxinul (Lair:5)
  28 yaks
  A hog (shapeshifter) (D:14)
  3 wargs
  10 basilisks
  5 hogs
  6 vampire mosquitoes
  2 chaos spawn (Lair:5)
  A swamp worm (Snake:2)
  13 nagas
  2 great orb of eyes simulacra (IceCv)
  2 acid dragons (D:11)
  13 water moccasins
  3 hell hounds (D:13)
  An ice beast (D:4)
  5 black bears
  2 laughing skulls (D:15)
  A sky beast (D:7)
  17 ogres
  22 orc warriors
  5 boggarts (D:14)
  27 wolves
  A centaur (D:8)
  5 slime creature simulacra (IceCv)
  2 lemures (D:5)
  2 kobold brigands
  Blork the orc (D:5)
  A gnoll sergeant (D:6)
  12 bullfrogs
  3 scorpions
  A glowing shapeshifter simulacrum (IceCv)
  10 small abominations (Lair:5)
  8 wights
  22 killer bees
  2 electric eels
  5 howler monkeys
  5 jellies
  A hound (D:6)
  2 gnoll boudas
  26 orc priests
  12 iguanas
  3 sleepcaps
  49 orc wizards
  3 shapeshifter simulacra (IceCv)
  19 gnolls
  4 adders
  A shadow imp (D:6)
  2 white imps
  8 ufetubi
  2 dart slugs
  2 ribbon worms (D:3)
  78 orcs
  6 ball pythons
  4 endoplasms
  2 giant cockroaches
  7 goblins
  11 hobgoblins
  5 jackals
  3 quokkas
  9 bats
  6 frilled lizards
  28 kobolds
  5 rats
805 creatures vanquished.

Vanquished Creatures (collateral kills)
  9 boulders
9 creatures vanquished.

Vanquished Creatures (others)
  A fire elemental (D:13)
  A quokka (D:12)
  6 boulders
8 creatures vanquished.

Grand Total: 822 creatures vanquished

Notes
Turn   | Place    | Note
-------+----------+-------------------------------------------
     0 | D:1      | gohu the Gargoyle Earth Elementalist began the quest for
                  | the Orb.
     0 | D:1      | Reached XP level 1. HP: 10/10 MP: 3/3
   126 | D:1      | Reached skill level 4 in Earth Magic
   130 | D:1      | Reached XP level 2. HP: 15/15 MP: 3/5
   323 | D:1      | Reached XP level 3. HP: 19/19 MP: 3/6
   370 | D:1      | Reached skill level 5 in Earth Magic
  1295 | D:2      | Reached XP level 4. HP: 24/24 MP: 7/7
  2441 | D:3      | Found a bloodstained altar of Trog.
  2462 | D:4      | Noticed a scorpion
  2467 | D:4      | Killed a scorpion
  2468 | D:4      | Reached skill level 1 in Fighting
  2468 | D:4      | Reached skill level 6 in Earth Magic
  2468 | D:4      | Reached XP level 5. HP: 29/29 MP: 2/8
  2469 | D:4      | Identified the +1 ring mail of a Billion Bounties {Int+5}
  2672 | D:4      | Reached XP level 6. HP: 33/35 MP: 3/9
  2774 | D:4      | Reached skill level 1 in Armour
  2976 | D:4      | Found a large runed translucent door.
  2976 | D:4      | Found a large runed translucent door.
  2976 | D:4      | Noticed a black bear
  2983 | D:4      | Killed a black bear
  2990 | D:4      | Learned a level 3 spell: Stone Arrow
  2995 | D:4      | Learned a level 4 spell: Brom's Barrelling Boulder
  3021 | D:4      | Noticed a two-headed ogre
  3028 | D:4      | Found a large runed translucent door.
  3028 | D:4      | Found a large runed translucent door.
  3056 | D:4      | Identified the +8 flail "Jusuhaf" {venom, rF+ rN+ Dex+3}
  3094 | D:4      | Noticed a water moccasin
  3099 | D:4      | Reached XP level 7. HP: 20/40 MP: 2/11
  4004 | D:4      | Reached skill level 5 in Conjurations
  4103 | D:4      | Reached skill level 7 in Earth Magic
  4103 | D:4      | Reached XP level 8. HP: 25/46 MP: 3/13
  4950 | D:5      | Entered Level 5 of the Dungeon
  5075 | D:5      | Noticed Pikel
  5104 | D:5      | Killed Pikel
  5545 | D:5      | Noticed Blork the orc
  5547 | D:5      | Killed Blork the orc
  5548 | D:5      | Reached XP level 9. HP: 52/52 MP: 8/15
  5655 | D:5      | Found a staircase to the Ecumenical Temple.
  5660 | Temple   | Entered the Ecumenical Temple
  5665 | Temple   | Became a worshipper of Vehumet
  5959 | D:5      | Learned a level 3 spell: Passwall
  6263 | D:6      | Reached skill level 8 in Earth Magic
  6312 | D:6      | Reached skill level 5 in Fighting
  6935 | D:6      | Reached * piety under Vehumet
  6935 | D:6      | Offered knowledge of Sting by Vehumet.
  7174 | D:7      | Reached skill level 5 in Armour
  7207 | D:7      | Noticed a komodo dragon
  7224 | D:7      | Killed a komodo dragon
  7225 | D:7      | Reached skill level 5 in Spellcasting
  7406 | D:6      | Reached skill level 9 in Earth Magic
  7445 | D:7      | Reached XP level 10. HP: 51/60 MP: 9/17
  7565 | D:7      | Offered knowledge of Static Discharge by Vehumet.
  7581 | D:7      | Reached ** piety under Vehumet
  7918 | D:8      | Identified the +0 ring mail "Zateab" {Dex+3}
  8368 | D:8      | Reached skill level 10 in Earth Magic
  8447 | D:8      | Found a staircase to the Lair.
  8469 | D:8      | Offered knowledge of Scorch by Vehumet.
  8651 | D:8      | Reached *** piety under Vehumet
  9063 | D:4      | Killed a two-headed ogre
  9064 | D:4      | Reached skill level 10 in Conjurations
  9069 | D:4      | Identified the +0 chain mail of Seubru {rPois Int+2}
  9262 | D:9      | Reached XP level 11. HP: 66/66 MP: 13/20
  9360 | D:9      | Identified the +1 robe of Anaesthesia {Str+3 Dex+4 SInv
                  | Archmagi}
  9364 | D:9      | Reached skill level 11 in Earth Magic
  9536 | D:9      | Noticed a purple ugly thing
  9543 | D:9      | Killed a purple ugly thing
  9549 | D:9      | Reached skill level 1 in Ranged Weapons
  9627 | D:8      | Offered knowledge of Flame Wave by Vehumet.
  9680 | Lair:1   | Entered Level 1 of the Lair of Beasts
 10903 | Lair:2   | Reached **** piety under Vehumet
 10927 | Lair:2   | Offered knowledge of Yara's Violent Unravelling by Vehumet.
 11131 | Lair:2   | Reached skill level 12 in Earth Magic
 11507 | Lair:2   | Reached XP level 12. HP: 71/73 MP: 13/22
 11789 | Lair:2   | Found a staircase to the Snake Pit.
 12133 | Lair:2   | Found a staircase to the Shoals.
 12262 | Lair:3   | Reached skill level 13 in Earth Magic
 12609 | Lair:3   | Noticed a skyshark
 12616 | Lair:3   | Killed a skyshark
 12699 | Lair:3   | Noticed a skyshark
 12705 | Lair:3   | Killed a skyshark
 13298 | Lair:4   | Noticed a seven-headed hydra
 13305 | Lair:4   | Killed a seven-headed hydra
 13401 | Lair:4   | Reached skill level 14 in Earth Magic
 13467 | Lair:4   | Reached XP level 13. HP: 80/80 MP: 22/24
 13811 | Lair:4   | Found a viscous altar of Jiyva.
 13812 | Lair:4   | Noticed an azure jelly
 13813 | Lair:4   | Found a runed translucent door.
 13813 | Lair:4   | Found a staircase to the Slime Pits.
 13813 | Lair:4   | Noticed an azure jelly
 13897 | Lair:4   | Learned a level 5 spell: Iskenderun's Battlesphere
 13905 | Lair:4   | Learned a level 7 spell: Orb of Destruction
 15040 | Lair:4   | Reached skill level 15 in Earth Magic
 15466 | Lair:5   | Entered Level 5 of the Lair of Beasts
 15511 | Lair:5   | Reached ***** piety under Vehumet
 15520 | Lair:5   | Offered knowledge of Bombard by Vehumet.
 15521 | Lair:5   | Reached skill level 10 in Fighting
 15528 | Lair:5   | Learned a level 6 spell: Bombard
 16132 | Lair:5   | Identified the +2 ring mail "Aliosey" {Rampage Str+3 Int+2
                  | Dex+2}
 16219 | Lair:5   | Gained mutation: Your large and strong wings let you fly.
                  | [Gargoyle growth]
 16219 | Lair:5   | Reached XP level 14. HP: 87/88 MP: 26/26
 17058 | Lair:5   | Reached skill level 16 in Earth Magic
 17463 | Lair:5   | Reached skill level 15 in Conjurations
 18096 | Lair:5   | Found a corrupted altar of Lugonu.
 18096 | Lair:5   | Found a one-way gate to the infinite horrors of the Abyss.
 18983 | D:9      | Found a hide-covered altar of Uskayaw.
 19234 | D:10     | Entered Level 10 of the Dungeon
 20195 | D:10     | Found a broken altar of Ashenzari.
 20196 | D:10     | Found a glowing silver altar of Zin.
 20330 | D:11     | Noticed Erica
 20332 | D:11     | Killed Erica
 20351 | D:11     | Noticed Lodul
 20372 | D:11     | Killed Lodul
 20589 | D:11     | Offered knowledge of Irradiate by Vehumet.
 21465 | D:12     | Reached skill level 17 in Earth Magic
 21465 | D:12     | Reached XP level 15. HP: 94/94 MP: 23/28
 21473 | D:12     | Found a frozen archway.
 21481 | IceCv    | Entered an ice cave
 21751 | IceCv    | Found a viscous altar of Jiyva.
 21751 | IceCv    | Noticed an azure jelly
 21759 | IceCv    | Killed an azure jelly
 22002 | D:12     | Reached skill level 1 in Shields
 22356 | D:12     | Identified the +2 ring mail of Crawling {rElec Str-4 Dex+4}
 22417 | D:12     | Found a white marble altar of Elyvilon.
 22928 | D:12     | Found a staircase to the Orcish Mines.
 23305 | D:13     | Found a gate to the Vaults.
 23354 | D:13     | Noticed Azrael
 23581 | D:13     | Offered knowledge of Lee's Rapid Deconstruction by Vehumet.
 23586 | D:13     | Reached skill level 5 in Shields
 23666 | D:13     | Killed Azrael
 24214 | D:14     | Reached skill level 18 in Earth Magic
 24247 | D:14     | Noticed Kirke
 24330 | D:14     | Found a runed translucent door.
 24572 | D:14     | Found a portal to a secret trove of treasure.
 25223 | D:14     | Found Usecaq's Jewellery Boutique.
 25229 | D:14     | Bought the ring of Tyihi {*Corrode Will+ Str+3 Int+10
                  | Slay+3} for 928 gold pieces
 25599 | D:14     | Killed Kirke
 25600 | D:14     | Reached skill level 1 in Evocations
 25677 | D:15     | Entered Level 15 of the Dungeon
 26057 | D:15     | Reached XP level 16. HP: 100/100 MP: 22/29
 26094 | D:15     | Found a staircase to the Depths.
 26402 | Orc:1    | Entered Level 1 of the Orcish Mines
 26895 | Orc:2    | Entered Level 2 of the Orcish Mines
 27009 | Orc:2    | Found Piontec's General Store.
 27127 | Orc:2    | Reached skill level 10 in Spellcasting
 27135 | Orc:2    | Offered knowledge of Spellforged Servitor by Vehumet.
 27556 | Orc:2    | Noticed Nessos
 27564 | Orc:2    | Killed Nessos
 27770 | Orc:2    | Found a staircase to the Elven Halls.
 27819 | Orc:2    | Found Oheuzeam's Weapon Shop.
 27820 | Orc:2    | Found Qomm's Weapon Shop.
 27828 | Orc:2    | Found Xudweoci's Antique Armour Boutique.
 27830 | Orc:2    | Found Oclyx's Distillery.
 27848 | Orc:2    | Bought a potion of curing for 30 gold pieces
 27848 | Orc:2    | Bought a potion of magic for 80 gold pieces
 27848 | Orc:2    | Bought a potion of curing for 30 gold pieces
 27848 | Orc:2    | Bought a potion of haste for 100 gold pieces
 27869 | Orc:2    | Noticed Rupert
 27871 | Orc:2    | Paralysed by Rupert for 5 turns
 27876 | Orc:2    | Killed Rupert
 28245 | Snake:1  | Entered Level 1 of the Snake Pit
 28723 | Snake:1  | Offered knowledge of Eringya's Noxious Bog by Vehumet.
 29074 | Snake:1  | You are sucked into a shaft and drop 1 floor!
 29136 | Snake:2  | Reached skill level 10 in Shields
 29276 | Snake:2  | Found Rigirph's Weapon Shop.
 29530 | Snake:2  | Found Gufizim's Jewellery Shop.
 29531 | Snake:2  | Found Xekh's Book Emporium.
 29531 | Snake:2  | Found Uniez's Jewellery Shop.
 29537 | Snake:2  | Bought the amulet "Suocru" {Acrobat Harm rC+} for 748 gold
                  | pieces
 29557 | Snake:2  | Bought the ring "Juxeakiuh" {MP+9 Stlth+} for 387 gold
                  | pieces
 29682 | Snake:2  | Noticed a thorn hunter
 29698 | Snake:2  | Killed from afar by a thorn hunter

Illustrated notes

Levels and vault maps discovered:
D:1:      dpeg_arrival_court, layout_basic, kennysheep_nondescript,
          minmay_ruptured
D:2:      layout_basic
D:3:      layout_basic, trog_hazing_becter
D:4:      minmay_skewed_foursquare, layout_basic, minmay_hollow_rounded_squares
D:5:      layout_loops_ring, minmay_temple_entry_drinking_statues,
          minmay_misc_feat_more_columns, uniq_pikel, uniq_blork_the_orc
D:6:      layout_basic
D:7:      layout_basic, serial_rivers, chequers_serial_rivers_large_b,
          chequers_serial_rivers_room_b, chequers_serial_rivers_micro_e,
          chequers_serial_rivers_micro_b, chequers_serial_rivers_marsh,
          chequers_serial_rivers_micro_a, minmay_lizard_king
D:8:      layout_basic, minmay_lair_entry_grove, nicolae_looking_at_the_future
D:9:      minmay_cornered_nines, layout_loops_ring, kennysheep_mini_moat
D:10:     layout_basic, nicolae_overflow_hidden_temple
D:11:     layout_loops_ring, uniq_lodul, uniq_erica
D:12:     layout_big_octagon, david_orc_1_choice, serial_co_window_serial,
          co_window_paths_a, co_window_corner_a, co_window_paths_a,
          co_window_of_opportunity_a, co_window_corner_a, co_window_corner_a,
          co_window_corner_a, co_window_paths_a, co_window_paths_a,
          co_window_broadway_a, co_window_broadway_a, co_window_broadway_b,
          glass_columns_c, glass_columns_a, glass_columns_c,
          portal_ice_cave_demonic_guard, elyvilon_altar_4
D:13:     layout_roguey, david_vaults_2, gauntlet_entry_generic, uniq_azrael
D:14:     layout_stronghold, enter_trove_5, serial_shops,
          nicolae_shop_hallway_plus, kennysheep_treasure_room, uniq_kirke
D:15:     hellmonk_depths_entry_around_the_bend, layout_basic
Temple:   dpeg_three_leaves_temple
Lair:1:   layout_roguey
Lair:2:   layout_cellular_growth, minmay_shoals_entry_beasts,
          guppyfry_snake_entry_garden, infiniplex_staircase_pool
Lair:3:   layout_hall_layers, serial_bayou_lagoon_b
Lair:4:   layout_roguey, slime_entry_2, nicolae_lair_lindhole, lemuel_fruit_tree
Lair:5:   hellmonk_lair_end_abyssal_woods, layout_regular_city, dpeg_oklob_1
Snake:1:  layout_layer_cave
Snake:2:  onia_ninara_swampy_vault, layout_gridlike, serial_shops, shop,
          nicolae_shop_sticking_my_neck_out, minmay_shop_grove, uniq_saint_roka
Orc:1:    layout_caves
Orc:2:    st_orc_mages, layout_caves, serial_shops, shop, nicolae_orc_minecarts,
          uniq_nessos, uniq_rupert

Skill      XL: |  1  2  3  4  5  6  7  8  9 10 11 12 13 14 15 16 |
---------------+-------------------------------------------------+-----
Earth Magic    | 4 5 6 7 9 10 12 14 15 17 18 | 18.8
Fighting       | 1 2 3 4 5 6 7 9 10 11 12 | 12.3
Conjurations   | 2 3 5 6 8 10 11 12 14 15 16 | 16.0
Armour         | 1 3 4 5 6 7 |  7.9
Spellcasting   | 3 4 5 6 7 8 9 10 | 10.5
Ranged Weapons | 2 |  2.7
Dodging        | 2 4 |  4.3
Shields        | 8 10 | 10.3
Evocations     | 1 3 |  3.8
Stealth        | |  2.1

Action                     |  1- 3 |  4- 6 |  7- 9 | 10-12 | 13-15 | 16-18 || total
---------------------------+-------+-------+-------+-------+-------+-------++-------
  Melee: Flail             |       |       |     1 |       |       |       ||     1
         Unarmed           |       |       |       |       |     5 |       ||     5
         Staff             |       |       |       |       |     3 |       ||     3
   Fire: Sling             |    22 |    44 |    46 |    79 |    23 |       ||   214
   Cast: Sandblast         |    38 |    77 |   156 |   277 |   198 |     4 ||   750
         Stone Arrow       |       |     1 |    26 |   122 |   597 |   254 ||  1000
         Brom's Barrelling |       |       |     1 |     2 |    15 |     5 ||    23
         Iskenderun's Batt |       |       |       |       |    25 |    10 ||    35
         Orb of Destructio |       |       |       |       |    29 |     6 ||    35
         Bombard           |       |       |       |       |    26 |    29 ||    55
         Passwall          |       |       |       |       |     1 |       ||     1
  Evoke: Wand              |       |       |     1 |       |       |       ||     1
    Use: Scroll            |       |       |       |    18 |     8 |     1 ||    27
         Potion            |       |       |       |     7 |     1 |       ||     8
 Armour: Robe              |     2 |    28 |    77 |   168 |   330 |    54 ||   659
         Ring mail         |       |       |    21 |    91 |       |       ||   112
         Skin              |       |       |       |       |    12 |       ||    12
  Dodge: Dodged            |       |    30 |    57 |   178 |   259 |    30 ||   554
  Block: Kite shield       |       |       |       |       |    41 |    28 ||    69
